 Dungeon Crawl Stone Soup version 0.14-a0-1844-g8283a67 (webtiles) character file.

1710 PolkaDot the Jinx (level 8, 0/54 HPs)
             Began as a Vampire Enchanter on Jan 11, 2014.
             Was a Believer of Sif Muna.
             Slain by a wight
             ... wielding a +0,+3 orcish long sword of slicing
              (12 damage)
             ... on Level 7 of the Dungeon.
             The game lasted 00:28:45 (6094 turns).

PolkaDot the Jinx (Vampire Enchanter)               Turns: 6094, Time: 00:28:45

HP   0/54        AC  3     Str  7      XL: 8   Next: 47%
MP   7/20        EV 12     Int 18      God: Sif Muna [**....]
Gold 259         SH  0     Dex 15      Spells:  5 memorised,  4 levels left

rFire  . . .     SeeInvis +     s - +3,+2 elf dagger (venom) (curse)
rCold  . . .     Clarity  .     b - +1 robe (curse)
rNeg   + . .     Conserve .     (no shield)
rPois  .         rCorr    .     (no helmet)
rElec  .         rRot     .     (no cloak)
SustAb . .       Spirit   .     (no gloves)
rMut   .         Warding  .     (no boots)
Saprov . . .     Stasis   .     (no amulet)
                                (no ring)
                                (no ring)

@: very slightly contaminated, quite resistant to hostile enchantments, quite
stealthy
A: bottle blood, fangs 3, see invisible, magic resistance 1, unbreathing
a: Bat Form, Bottle Blood, Channel Energy, Forget Spell, Renounce Religion


You were on level 7 of the Dungeon.
You worshipped Sif Muna.
Sif Muna was pleased with you.
You were not thirsty.

You visited 2 branches of the dungeon, and saw 8 of its levels.
You also visited: Sewer and Ossuary.

You collected 279 gold pieces.
You spent 20 gold pieces at shops.

Inventory:

Hand weapons
 s - a cursed +3,+2 elven dagger of venom (weapon)
Missiles
 d - 12 darts (quivered)
Armour
 b - a cursed +1 robe (worn)
Magical devices
 y - a wand of digging (9) {unknown}
Scrolls
 a - a scroll of fear {unknown}
 e - a scroll of magic mapping {unknown}
 g - 5 scrolls of remove curse
 h - 3 scrolls of enchant weapon I {unknown}
 j - a scroll of identify
 k - 2 scrolls of curse weapon {unknown}
 l - 2 scrolls of enchant weapon II {unknown}
 n - 3 scrolls of curse armour {unknown}
 o - a scroll of noise {unknown}
 p - 11 scrolls of immolation {unknown}
 q - 2 scrolls of fog {unknown}
 t - a scroll of recharging {unknown}
 u - 2 scrolls of curse jewellery {unknown}
 w - 4 scrolls of teleportation {unknown}
 x - a scroll of silence {unknown}
 A - a scroll of amnesia {unknown}
Potions
 f - 2 potions of speed
 i - 6 potions of curing
 m - a potion of mutation {!q}
 r - 3 potions of heal wounds
 z - 2 potions of restore abilities
 B - a potion of magic {unknown}
 C - a potion of berserk rage {unknown}
Books
 c - a book of Maledictions

   Spells                             Type                      Level
   *Corona                            Hexes                        1
   *Sure Blade                        Hexes/Charms                 2
   *Ensorcelled Hibernation           Hexes/Ice                    2
   *Confuse                           Hexes                        3
   Enslavement                        Hexes                        4
   *Invisibility                      Hexes                        6
 v - a Grand Grimoire {highlevel}

   This book is beyond your current level of understanding.

   Spells                             Type                      Level
   Demonic Horde                      Summoning                    6
   Mass Abjuration                    Summoning                    6
   Haunt                              Necromancy/Summoning         7
   Summon Greater Demon               Summoning                    7
   Malign Gateway                     Summoning/Translocation      7
   Summon Horrible Things             Summoning                    8


   Skills:
 - Level 1.5 Fighting
 - Level 2.8 Short Blades
 - Level 0.7 Throwing
 - Level 2.1 Dodging
 - Level 4.5 Stealth
 * Level 5.6 Spellcasting
 + Level 11.6 Hexes


You had 4 spell levels left.
You knew the following spells:

 Your Spells              Type           Power        Failure   Level  Hunger
a - Corona                Hex            #####..      1%          1    None
b - Sure Blade            Hex/Chrm       ####......   1%          2    None
c - Confuse               Hex            #####...     1%          3    ##.....
d - Ensorcelled Hibernat  Hex/Ice        ####..       1%          2    None
i - Invisibility          Hex            #####...     17%         6    #######


Dungeon Overview and Level Annotations

Branches:
Dungeon (7/16)             Temple (1/1) D:5

Altars:
Cheibriados
Elyvilon
Fedhas
Kikubaaqudgha
Makhleb
Nemelex Xobeh
Okawaru
Sif Muna
Trog
Vehumet
Yredelemnul
Zin
the Shining One

Shops:
D:5 *


Innate Abilities, Weirdness & Mutations

You can bottle blood from corpses.
You have razor-sharp teeth.*
You have supernaturally acute eyesight.
You can survive without breathing.*
You are resistant to hostile enchantments.+


Message History

The centaur resists with significant effort.
* * * LOW MAGIC WARNING * * *
The centaur hits you. The wight barely misses you. The wight misses you.
The centaur hits you!
Casting: Ensorcelled Hibernation
Confirm with . or Enter, or press ? or * to list all spells.
Aiming: Ensorcelled Hibernation
Press: ? - help, Shift-Dir - straight line, f/p - centaur
Aim: a centaur The centaur looks drowsy...
* * * LOW MAGIC WARNING * * *
The wight hits you with a runed orcish long sword.
The wight hits you with an orcish scimitar!
* * * LOW HITPOINT WARNING * * *
The helpless centaur fails to defend itself.
You slice the centaur!!
You kill the centaur!
You can now freely open your mind to new spells.
The wight hits you with a runed orcish long sword!
You die...

#.. #..# #..#
####..#######.
.............#
.............#
zc..........(#
#)z........#
#...#####@.........#
........z..........#
#########..........#
#(.........#
#######..........#
..$..............#
.................#
.................#
................#


You could see 2 wights.

Vanquished Creatures
  Edmund (D:5)
  2 ice beasts
  A necrophage (D:6)
  A sky beast (D:6)
  2 centaurs
  2 giant frogs (Sewer)
  A crimson imp (D:6)
  3 hounds
  A giant frog skeleton (D:6)
  An iguana (D:5)
  A jelly (D:5)
  2 orc wizards (D:5)
  A human zombie (Ossuary)
  2 orc priests (D:5)
  A worker ant (D:4)
  A big kobold zombie (Ossuary)
  3 mummies (Ossuary)
  3 giant centipedes (D:6)
  6 adders
  3 giant mites (Sewer)
  5 worms
  A goliath beetle zombie (D:5)
  13 orcs
  7 giant cockroaches
  8 goblins
  11 hobgoblins
  8 jackals
  7 kobolds
  3 quokkas
  3 ball pythons (Sewer)
  8 bats
  10 giant geckos
  8 giant newts
  2 gnoll zombies (Ossuary)
  A goblin skeleton (D:4)
  A goblin zombie (Ossuary)
  A kobold zombie (Ossuary)
  3 orc zombies
  6 rats
144 creatures vanquished.

Notes
Turn   | Place    | Note
--------------------------------------------------------------
     0 | D:1      | PolkaDot, the Vampire Enchanter, began the quest for the Orb.
     0 | D:1      | Reached XP level 1. HP: 13/13 MP: 3/3
   352 | D:1      | Reached skill level 5 in Hexes
   352 | D:1      | Reached XP level 2. HP: 20/20 MP: 4/4
  1506 | D:3      | Reached XP level 3. HP: 23/25 MP: 4/6
  1526 | D:3      | Found a snail-covered altar of Cheibriados.
  1536 | D:3      | Learned a level 3 spell: Confuse
  2020 | D:3      | Noticed a centaur
  2029 | D:3      | Killed a centaur
  2029 | D:3      | Reached skill level 1 in Fighting
  2029 | D:3      | Reached skill level 6 in Hexes
  2029 | D:3      | Reached XP level 4. HP: 30/32 MP: 3/7
  2029 | D:3      | Reached XP level 5. HP: 34/37 MP: 3/9
  2478 | D:4      | Reached skill level 7 in Hexes
  2785 | D:4      | Noticed an ice beast
  2841 | D:4      | Killed an ice beast
  2841 | D:4      | Reached XP level 6. HP: 10/43 MP: 2/11
  2951 | D:4      | Learned a level 6 spell: Invisibility
  3090 | D:5      | Entered Level 5 of the Dungeon
  3090 | D:5      | Found Nouptife's General Store.
  3095 | D:5      | Bought a scroll of identify for 20 gold pieces
  3130 | D:5      | Reached skill level 8 in Hexes
  3155 | D:5      | Found a sand-covered staircase.
  3173 | Ossuary  | Entered an ossuary
  3174 | Ossuary  | Gained mutation: You are resistant to hostile enchantments. [potion of beneficial mutation]
  3674 | D:5      | Noticed Edmund
  3695 | D:5      | Killed Edmund
  3695 | D:5      | Reached skill level 9 in Hexes
  3695 | D:5      | Reached XP level 7. HP: 14/48 MP: 1/15
  3823 | D:5      | Learned a level 2 spell: Ensorcelled Hibernation
  3981 | D:5      | Found a staircase to the Ecumenical Temple.
  3995 | Temple   | Entered the Ecumenical Temple
  4104 | Temple   | Became a worshipper of Sif Muna the Loreminder
  4291 | D:5      | Reached skill level 10 in Hexes
  4444 | D:6      | Found a glowing drain.
  4591 | Sewer    | Entered a sewer
  4636 | Sewer    | Learned a level 2 spell: Sure Blade
  4796 | Sewer    | Acquired Sif Muna's first power
  4890 | Sewer    | Reached skill level 11 in Hexes
  4890 | Sewer    | Reached XP level 8. HP: 41/54 MP: 7/18
  5565 | D:6      | Reached skill level 5 in Spellcasting
  6094 | D:7      | Acquired Sif Muna's second power
  6094 | D:7      | Slain by a wight

Action                   |  1- 3 |  4- 6 |  7- 9 || total
-------------------------+-------+-------+-------++-------
Melee: Dagger            |   151 |   158 |   145 ||   454
 Cast: Corona            |    12 |       |       ||    12
       Confuse           |     7 |    17 |     8 ||    32
       Ensorcelled Hiber |       |       |    29 ||    29
       Invisibility      |       |       |     2 ||     2
Evoke: Wand              |       |       |     1 ||     1
  Use: Potion            |     1 |     1 |     2 ||     4
       Scroll            |       |    10 |       ||    10
 Stab: Sleeping          |     5 |     9 |    41 ||    55
       Confused          |     5 |     5 |     7 ||    17
       Distracted        |       |     1 |       ||     1
       Invisible         |       |       |     1 ||     1
